 Dungeon Sprint DCSS version 0.13-a0-1672-g2e244fd (webtiles) character file.

37505 Bloax the Slayer (level 13, -14/157 HPs)
             Began as an Ogre Fighter on June 19, 2013.
             Was the Champion of Makhleb.
             Demolished by a Hell Sentinel (16 damage)
             ... summoned by a lich
             ... in the Dungeon (Sprint V: "Ziggurat Sprint").
             The game lasted 00:11:55 (1135 turns).

Bloax the Slayer (Ogre Fighter)                     Turns: 1135, Time: 00:11:55

HP -14/157       AC 25     Str 37      XL: 13   Next: 82%
MP   0/40        EV  3     Int  7      God: Makhleb [******]
Gold 20          SH 35     Dex  8 (9)  Spells:  1 memorised, 10 levels left

Res.Fire  : + + .   See Invis. : +   H - +12,+15 obsidian axe {chop, +Fly Str+3 SIn Res.Cold : + + + Warding : . k - +5 gold dragon armour Life Prot.: + . . Conserve : . I - +6 shield of the gong {Spirit, rElec rN+ M
Res.Poison: +       Res.Corr.  : .   r - +0 wizard hat
Res.Elec. : +       Clarity    : .   (no cloak)
Sust.Abil.: . .     Spirit.Shd : +   (gloves unavailable)
Res.Mut.  : .       Prev.Telep.: +   (boots unavailable)
Res.Rott. : .       Flight     : .   (no amulet)
Saprovore : + . .                    E - +6 ring of strength
                                     l - ring "Uhihiuc" {rF+ rC++ MP+9 SInv}

@: mesmerised, very resistant to hostile enchantments, extremely unstealthy
A: unfitting armour, fast metabolism 1, saprovore 1, tough skin 1
a: Minor Destruction, Lesser Servant of Makhleb, Major Destruction, Greater
Servant of Makhleb, Renounce Religion, Evoke Flight


You were in the Dungeon.
You worshipped Makhleb.
Makhleb was exalted by your worship.
You were full.

You visited 1 branch


Innate Abilities, Weirdness & Mutations

You are too large for most types of armour.
You have a fast metabolism.
You can tolerate rotten meat.
You have tough skin (AC +1).


   Skills:
 + Level 23.1 Fighting
 + Level 12.3 Axes
 + Level 13.1 Armour
 - Level 2.6 Dodging
 + Level 14.3 Shields
 * Level 18.6 Evocations


You had 10 spell levels left.
You knew the following spells:

 Your Spells              Type           Power        Failure   Level  Hunger
a - Blink                 Tloc           N/A          100%        2    ###....


Dungeon Overview and Level Annotations

Branches:
Dungeon (1/1)

Altars:
Ashenzari
Cheibriados
Elyvilon
Fedhas
Kikubaaqudgha
Makhleb
Nemelex Xobeh
Okawaru
Sif Muna
Trog
Vehumet
Xom
Yredelemnul
Zin
the Shining One
Beogh
Jiyva
Lugonu

Inventory:

Hand weapons
 o - the +2,+5 war axe of Intimidation {vamp, +Inv rElec rN+ MR++ Str+2}
   (You found it in the Dungeon)

   It inflicts no extra harm, but heals its wielder somewhat when it strikes a
   living foe.
   It affects your strength (+2).
   It insulates you from electricity.
   It protects you from negative energy.
   It affects your resistance to hostile enchantments.
   It lets you turn invisible.
 H - the cursed +12,+15 obsidian axe (weapon) {chop, +Fly Str+3 SInv Curse}
   (You found it in the Dungeon)

   It inflicts extra damage upon your enemies.
   It affects your strength (+3).
   It enhances your eyesight.
   It lets you fly.
   It may recurse itself.
   It has a curse placed upon it.
Armour
 k - a +5 gold dragon armour (worn)
   (You found it in the Dungeon)
 r - a +0 wizard hat (worn)
   (You acquired it in the Dungeon)
 I - the +6 shield of the gong (worn) {Spirit, rElec rN+ MR+}
   (You found it in the Dungeon)

   It insulates you from electricity.
   It protects you from negative energy.
   It affects your resistance to hostile enchantments.
Magical devices
 y - a wand of disintegration (7)
   (You found it in the Dungeon)
 z - a wand of fire (5)
   (You found it in the Dungeon)
 A - a wand of cold (4)
   (You found it in the Dungeon)
 B - a wand of draining (5)
   (You found it in the Dungeon)
Comestibles
 d - 6 meat rations
 t - 12 strawberries
 u - 4 bread rations
Scrolls
 q - 3 scrolls of fog
Jewellery
 l - the ring "Uhihiuc" (left hand) {rF+ rC++ MP+9 SInv}
   (You found it in the Dungeon)

   [ring of magical power]

   It protects you from fire.
   It greatly protects you from cold.
   It enhances your eyesight.
 D - a +6 ring of strength
   (You found it in the Dungeon)
 E - a +6 ring of strength (right hand)
   (You found it in the Dungeon)
Potions
 a - 2 potions of brilliance
 b - 2 potions of restore abilities
 c - 4 potions of resistance
 e - 10 potions of curing
 f - 6 potions of heal wounds
 g - 6 potions of speed
 h - 6 potions of magic
 i - 3 potions of berserk rage
 m - 4 potions of agility
 n - 5 potions of might
 x - 2 potions of invisibility
Books
 j - a book of Debilitation
   (You found it in the Dungeon)

   Spells                             Type                      Level
   Corona                             Hexes                        1
   Slow                               Hexes                        2
   Inner Flame                        Hexes/Fire                   3
   Enslavement                        Hexes                        4
   Cause Fear                         Hexes                        4
   Leda's Liquefaction                Hexes/Earth                  4
 F - a tome of Destruction {!d}
   (You found it in the Dungeon)
 J - a book of Minor Magic
   (You found it in the Dungeon)

   Spells                             Type                      Level
   Magic Dart                         Conjuration                  1
   *Blink                             Translocation                2
   Call Imp                           Summoning                    2
   Repel Missiles                     Charms/Air                   2
   Slow                               Hexes                        2
   Conjure Flame                      Conjuration/Fire             3
   Mephitic Cloud                     Conjuration/Poison/Air       3
Miscellaneous
 p - a fan of gales
   (You found it in the Dungeon)
 C - a crystal ball of energy
   (You found it in the Dungeon)
 G - a disc of storms
   (You found it in the Dungeon)

=)" #....... ..¤}:¤..)
#....... #........¤¤
#....... #~~~.¤..¤...
#....... #~.~....)....
#..#.... #............
#.###..) ..[n54.....
#..#..". #114z...#
#....... ##@V2..##
########
#..#4¤L¤.~.#..#....8^8
#.....¤.......#..[[[)[
#..~.¤...~....#...}.4)
###############.......
#......~ #.......
#~...... #.......


You could see a ghoul, a Hell Sentinel, an ancient lich, a Brimstone Fiend, a
vampire knight (invisible), a blizzard demon, a skeletal warrior, an orange
demon, a sixfirhy, a blue devil and a shadow imp.


Message History

The orb of electricity engulfs the vampire knight.
The vampire knight is heavily damaged.
The orb of electricity engulfs the shadow imp.
The shadow imp appears unharmed.
The orb of electricity engulfs the soul eater.
You kill the soul eater!
The zap hits the sixfirhy.
The sixfirhy seems to be charged up!
The zap hits the orange demon.
The orange demon is lightly wounded.
Visions of slaying the Brimstone Fiend flood into your mind.
You block the sixfirhy's attack.
PANG!
You block the sixfirhy's attack.
GONNNNG!
The sixfirhy hits you but does no damage.
The vampire knight points at you and mumbles some strange words.
You resist. You block the sixfirhy's attack.
GONNNNG!
The ancient lich touches you.
* * * LOW HITPOINT WARNING * * *
The Hell Sentinel hits you!
* * * LOW HITPOINT WARNING * * *
The Hell Sentinel hits you but does no damage.
The Brimstone Fiend calls on the powers of darkness!
Your body is wracked with pain!
* * * LOW HITPOINT WARNING * * *
Unknown command.
You slice the Brimstone Fiend!!
The Brimstone Fiend is severely wounded.
You slice the Hell Sentinel!!
The Hell Sentinel is lightly wounded.
You miss the sixfirhy. You slice the vampire knight!!
The vampire knight is severely damaged.
Visions of slaying the Hell Sentinel flood into your mind.
You block the sixfirhy's attack.
PANG!
The sixfirhy hits you.
* * * LOW HITPOINT WARNING * * *
The sixfirhy shocks you. You resist.
* * * LOW HITPOINT WARNING * * *
You block the sixfirhy's attack.
BOUMMMMG!
The vampire knight points at you and mumbles some strange words.
You resist.
The orange demon stings you but does no damage.
The ancient lich touches you but does no damage.
The vampire knight splashes around in the water.
You block the vampire knight's attack.
PANG!
The blue devil hits you.
* * * LOW HITPOINT WARNING * * *
The Hell Sentinel hits you!
* * * LOW HITPOINT WARNING * * *
The Hell Sentinel hits you but does no damage.
The Brimstone Fiend hits you!
* * * LOW HITPOINT WARNING * * *
You block the Brimstone Fiend's attack.
GONNNNG!
The Brimstone Fiend hits you but does no damage.
Unknown command.
Evoke which item? (* to show all) (? for menu, Esc to quit)
Little bolts of electricity crackle over the disc.
Visions of slaying the ancient lich flood into your mind.
You block the orange demon's attack.
PANG!
The vampire knight casts a spell at you.
You resist. The ancient lich touches you.
* * * LOW HITPOINT WARNING * * *
The Hell Sentinel hits you!
You die...

Action                   |  1- 3 |  4- 6 |  7- 9 | 10-12 | 13-15 || total
-------------------------+-------+-------+-------+-------+-------++-------
Melee: Broad axe         |     2 |    11 |    20 |    57 |    19 ||   109
Evoke: Wand              |     1 |       |     1 |       |       ||     2
       Miscellaneous     |       |       |     3 |    46 |    19 ||    68
  Use: Potion            |       |       |     1 |     3 |     1 ||     5
       Scroll            |       |       |       |       |     1 ||     1
 Stab: Distracted        |       |       |     1 |       |       ||     1

Vault maps used:
D:        sprint_v

Notes
Turn   | Place    | Note
--------------------------------------------------------------
     0 | D        | Bloax, the Ogre Fighter, began the quest for the Orb.
     0 | D        | Reached XP level 1. HP: 23/23 MP: 0/0
     1 | D        | Found an ancient bone altar of Kikubaaqudgha.
     3 | D        | Found a basalt altar of Yredelemnul.
     4 | D        | Found an iron altar of Okawaru.
     7 | D        | Banished a spatial maelstrom
    31 | D        | Found a radiant altar of Vehumet.
    32 | D        | Found a burning altar of Makhleb.
    33 | D        | Found a white marble altar of Elyvilon.
    35 | D        | Found a deep blue altar of Sif Muna.
    35 | D        | Found a sparkling altar of Nemelex Xobeh.
    45 | D        | Found a bloodstained altar of Trog.
    67 | D        | Became a worshipper of Makhleb the Destroyer
    70 | D        | Found a shimmering altar of Xom.
    72 | D        | Entered arena 1.
    72 | D        | Noticed a crimson imp
    72 | D        | Noticed a quasit
    73 | D        | Killed a crimson imp
    73 | D        | Reached skill level 5 in Fighting
    73 | D        | Reached skill level 2 in Axes
    73 | D        | Reached skill level 1 in Armour
    73 | D        | Reached skill level 3 in Shields
    73 | D        | Reached skill level 2 in Evocations
    73 | D        | Reached XP level 2. HP: 32/32 MP: 1/1
    73 | D        | Reached XP level 3. HP: 40/40 MP: 3/3
    75 | D        | Killed a quasit
    75 | D        | Reached skill level 6 in Fighting
    75 | D        | Reached skill level 3 in Evocations
    75 | D        | Reached XP level 4. HP: 49/49 MP: 5/5
    75 | D        | Noticed a rotting devil
    79 | D        | Killed a rotting devil
    83 | D        | Entered arena 2.
    83 | D        | Noticed an iguana
    87 | D        | Acquired Makhleb's first power
    87 | D        | Killed an iguana
    87 | D        | Reached skill level 7 in Fighting
    87 | D        | Reached skill level 2 in Armour
    87 | D        | Reached skill level 4 in Shields
    87 | D        | Reached skill level 4 in Evocations
    95 | D        | Entered arena 3.
    95 | D        | Noticed a deep dwarf scion
    95 | D        | Noticed a deep dwarf artificer
    95 | D        | Noticed a deep dwarf
    95 | D        | Noticed a deep dwarf
   101 | D        | Killed a deep dwarf artificer
   101 | D        | Acquired Makhleb's second power
   101 | D        | Reached skill level 9 in Fighting
   101 | D        | Reached skill level 3 in Axes
   101 | D        | Reached skill level 3 in Armour
   101 | D        | Reached skill level 5 in Evocations
   101 | D        | Reached XP level 5. HP: 56/58 MP: 6/8
   101 | D        | Reached XP level 6. HP: 64/67 MP: 7/10
   102 | D        | Killed a deep dwarf scion
   102 | D        | Reached skill level 10 in Fighting
   102 | D        | Reached skill level 4 in Axes
   102 | D        | Reached skill level 5 in Shields
   102 | D        | Reached skill level 6 in Evocations
   102 | D        | Reached XP level 7. HP: 68/76 MP: 7/13
   102 | D        | Killed a deep dwarf
   102 | D        | Reached skill level 4 in Armour
   102 | D        | Reached skill level 7 in Evocations
   103 | D        | Killed a deep dwarf
   103 | D        | Reached skill level 11 in Fighting
   104 | D        | Reached skill level 11 in Evocations
   104 | D        | Reached XP level 8. HP: 76/88 MP: 6/20
   244 | D        | Entered arena 4.
   244 | D        | Noticed a naga
   244 | D        | Noticed a naga
   246 | D        | Acquired Makhleb's third power
   246 | D        | Killed a naga
   246 | D        | Reached skill level 6 in Shields
   246 | D        | Killed a naga
   251 | D        | Entered arena 5.
   251 | D        | Noticed a giant frog
   251 | D        | Noticed a two-headed ogre
   251 | D        | Noticed a black bear
   251 | D        | Noticed a wyvern
   251 | D        | Noticed a cyan ugly thing
   254 | D        | Killed a cyan ugly thing
   254 | D        | Acquired Makhleb's fourth power
   254 | D        | Reached skill level 12 in Fighting
   254 | D        | Reached skill level 5 in Axes
   254 | D        | Reached skill level 5 in Armour
   254 | D        | Killed a giant frog
   254 | D        | Noticed a grizzly bear
   254 | D        | a two-headed ogre changed into a grizzly bear
   255 | D        | a wyvern changed into a golden eye
   256 | D        | Killed a black bear
   256 | D        | Reached XP level 9. HP: 94/98 MP: 15/22
   258 | D        | Killed a grizzly bear
   258 | D        | Reached skill level 13 in Fighting
   258 | D        | Reached skill level 7 in Shields
   264 | D        | Entered arena 6.
   264 | D        | Noticed an iguana
   264 | D        | Noticed a komodo dragon
   264 | D        | Noticed a porcupine
   264 | D        | Noticed a spiny frog
   264 | D        | Noticed an iguana
   264 | D        | Noticed a hippogriff
   267 | D        | Killed an iguana
   267 | D        | Acquired Makhleb's fifth power
   267 | D        | Killed an iguana
   268 | D        | Killed a porcupine
   268 | D        | Killed a hippogriff
   268 | D        | Reached skill level 6 in Armour
   271 | D        | Killed a spiny frog
   271 | D        | Reached skill level 14 in Fighting
   271 | D        | Reached skill level 6 in Axes
   271 | D        | Reached skill level 12 in Evocations
   272 | D        | Killed a komodo dragon
   272 | D        | Reached skill level 8 in Shields
   278 | D        | Entered arena 7.
   278 | D        | Noticed a porcupine
   278 | D        | Noticed a war dog
   283 | D        | Killed a war dog
   283 | D        | Reached skill level 15 in Fighting
   283 | D        | Killed a porcupine
   290 | D        | Entered arena 8.
   290 | D        | Noticed a scorpion
   290 | D        | Noticed a wolf spider
   290 | D        | Noticed a scorpion
   290 | D        | Noticed a scorpion
   290 | D        | Noticed a jumping spider
   293 | D        | Killed a scorpion
   293 | D        | Killed a jumping spider
   293 | D        | Reached skill level 7 in Armour
   295 | D        | Killed a scorpion
   296 | D        | Killed a scorpion
   297 | D        | Killed a wolf spider
   297 | D        | Reached skill level 7 in Axes
   297 | D        | Reached XP level 10. HP: 113/113 MP: 18/24
   319 | D        | Learned a level 2 spell: Blink
   332 | D        | Entered arena 9.
   332 | D        | Noticed a large abomination
   332 | D        | Noticed an orange demon
   332 | D        | Noticed a flying skull
   332 | D        | Noticed a quasit
   332 | D        | Noticed an iron imp
   335 | D        | Killed an iron imp
   336 | D        | Killed a quasit
   336 | D        | Reached skill level 16 in Fighting
   337 | D        | Killed a large abomination
   337 | D        | Reached skill level 9 in Shields
   346 | D        | Killed an orange demon
   348 | D        | Killed a flying skull
   348 | D        | Reached skill level 17 in Fighting
   348 | D        | Reached skill level 8 in Armour
   353 | D        | Entered arena 10.
   353 | D        | Noticed a hippogriff
   353 | D        | Noticed a centaur
   353 | D        | Noticed a merfolk
   353 | D        | Noticed a merfolk
   353 | D        | Noticed a merfolk
   353 | D        | Noticed a centaur
   353 | D        | Noticed a cyclops
   353 | D        | Noticed a merfolk
   356 | D        | Killed a centaur
   356 | D        | Killed a hippogriff
   356 | D        | Killed a merfolk
   356 | D        | Reached skill level 13 in Evocations
   357 | D        | Killed a merfolk
   357 | D        | Killed a merfolk
   357 | D        | Killed a merfolk
   357 | D        | Reached skill level 8 in Axes
   359 | D        | Killed a centaur
   361 | D        | Killed a cyclops
   361 | D        | Reached skill level 18 in Fighting
   366 | D        | Got the ring "Uhihiuc" {rF+ rC++ MP+9 SInv}
   372 | D        | Entered arena 11.
   372 | D        | Noticed a wolf spider
   372 | D        | Noticed an emperor scorpion
   372 | D        | Noticed a demonic crawler
   372 | D        | Noticed a tarantella
   372 | D        | Noticed a red wasp
   372 | D        | Noticed a tarantella
   372 | D        | Noticed a red wasp
   372 | D        | Noticed a wolf spider
   373 | D        | Noticed a scorpion
   373 | D        | Noticed a redback
   377 | D        | Killed a red wasp
   377 | D        | Reached skill level 10 in Shields
   379 | D        | Killed a wolf spider
   379 | D        | Reached skill level 9 in Armour
   379 | D        | Reached XP level 11. HP: 99/127 MP: 17/26
   379 | D        | Killed a tarantella
   379 | D        | Killed a red wasp
   381 | D        | Killed a scorpion
   383 | D        | Killed a redback
   383 | D        | Killed a tarantella
   383 | D        | Reached skill level 19 in Fighting
   384 | D        | Killed a wolf spider
   385 | D        | Killed a demonic crawler
   385 | D        | Reached skill level 9 in Axes
   393 | D        | HP: 28/128 [emperor scorpion (15)]
   399 | D        | HP: 27/128 [poisoned by an emperor scorpion]
   400 | D        | Killed an emperor scorpion
   400 | D        | Reached skill level 11 in Shields
   400 | D        | Reached skill level 14 in Evocations
   523 | D        | Entered arena 12.
   523 | D        | Noticed a fire drake
   523 | D        | Noticed an efreet
   523 | D        | Noticed a fire vortex
   523 | D        | Noticed a hell hound
   523 | D        | Noticed a fire drake
   523 | D        | Noticed a hell hound
   523 | D        | Noticed a dragon
   523 | D        | Noticed a hell hog
   524 | D        | Noticed a hell hound
   525 | D        | Noticed a dragon
   525 | D        | Noticed a hell hound
   530 | D        | Killed a fire drake
   530 | D        | Killed an efreet
   532 | D        | Killed a hell hound
   532 | D        | Reached skill level 20 in Fighting
   532 | D        | Killed a fire drake
   533 | D        | Killed a hell hound
   533 | D        | Reached skill level 10 in Armour
   534 | D        | Killed a hell hound
   537 | D        | Killed a hell hound
   537 | D        | Killed a hell hog
   541 | D        | HP: 32/131 [dragon/blast of flame (14)]
   545 | D        | Killed a fire vortex
   545 | D        | Killed a dragon
   546 | D        | Killed a dragon
   546 | D        | Reached skill level 10 in Axes
   546 | D        | Reached XP level 12. HP: 78/143 MP: 4/28
   559 | D        | Identified the Reference Book on Hexes
   664 | D        | Entered arena 13.
   664 | D        | Noticed a neqoxec
   664 | D        | Noticed a hellwing
   664 | D        | Noticed a neqoxec
   665 | D        | Noticed a ynoxinul
   665 | D        | Noticed a sixfirhy
   665 | D        | Noticed a ynoxinul
   665 | D        | Noticed a hellwing
   665 | D        | Noticed a sixfirhy
   665 | D        | Noticed an orange demon
   666 | D        | Noticed a rotting devil
   666 | D        | Noticed a ynoxinul
   668 | D        | Noticed a Hell Sentinel
   671 | D        | Killed a sixfirhy
   671 | D        | Killed an orange demon
   671 | D        | Reached skill level 15 in Evocations
   672 | D        | Killed a hellwing
   672 | D        | Killed a neqoxec
   672 | D        | Reached skill level 12 in Shields
   672 | D        | Killed a sixfirhy
   672 | D        | Reached skill level 21 in Fighting
   673 | D        | Killed a rotting devil
   673 | D        | Killed a ynoxinul
   673 | D        | Killed a neqoxec
   673 | D        | Killed a hellwing
   677 | D        | Killed a ynoxinul
   678 | D        | Killed a ynoxinul
   681 | D        | Killed a Hell Sentinel
   681 | D        | Reached skill level 11 in Armour
   681 | D        | Reached skill level 16 in Evocations
   688 | D        | Got the +2,+5 war axe of Intimidation {vamp, +Inv rElec rN+ MR++ Str+2}
   690 | D        | Entered arena 14.
   690 | D        | Noticed a bone dragon
   690 | D        | Noticed a large abomination
   690 | D        | Noticed an iron imp
   691 | D        | Noticed an ancient zyme
   691 | D        | Noticed a wretched star
   691 | D        | Noticed a hellwing
   691 | D        | Noticed a smoke demon
   691 | D        | Noticed a bone dragon
   691 | D        | Noticed an iron imp
   692 | D        | Noticed a small abomination
   692 | D        | Noticed a flaming corpse
   700 | D        | Killed a smoke demon
   701 | D        | Killed a flaming corpse
   703 | D        | Killed a small abomination
   703 | D        | Killed an ancient zyme
   704 | D        | Killed a hellwing
   704 | D        | Killed a large abomination
   704 | D        | Killed an iron imp
   708 | D        | Killed an iron imp
   710 | D        | HP: 33/144 [bone dragon (15)]
   714 | D        | Killed a wretched star
   714 | D        | Reached skill level 11 in Axes
   715 | D        | HP: 29/144 [bone dragon (7)]
   716 | D        | HP: 14/144 [bone dragon (2)]
   719 | D        | Killed a bone dragon
   719 | D        | Reached skill level 22 in Fighting
   719 | D        | Reached skill level 12 in Armour
   719 | D        | Reached skill level 13 in Shields
   719 | D        | Reached XP level 13. HP: 60/154 MP: 1/27
   720 | D        | Killed a bone dragon
   720 | D        | Reached skill level 17 in Evocations
  1065 | D        | Entered arena 15.
  1065 | D        | Noticed a naga warrior
  1065 | D        | Noticed a water moccasin
  1066 | D        | Noticed a naga warrior
  1066 | D        | Noticed a naga warrior
  1066 | D        | Noticed a naga
  1070 | D        | Killed a water moccasin
  1077 | D        | Killed a naga warrior
  1077 | D        | Killed a naga
  1077 | D        | Killed a naga warrior
  1078 | D        | Killed a naga warrior
  1085 | D        | Entered arena 16.
  1087 | D        | Noticed a flying skull
  1088 | D        | Noticed a blue devil
  1088 | D        | Noticed an ice devil
  1088 | D        | Noticed a skeletal warrior
  1088 | D        | Noticed a shadow
  1088 | D        | Noticed a flying skull
  1089 | D        | Noticed a rotting devil
  1089 | D        | Noticed a freezing wraith
  1089 | D        | Noticed a blue devil
  1093 | D        | Killed an ice devil
  1093 | D        | Killed a rotting devil
  1093 | D        | Killed a flying skull
  1094 | D        | Killed a blue devil
  1096 | D        | Killed a skeletal warrior
  1096 | D        | Killed a flying skull
  1096 | D        | Killed a freezing wraith
  1096 | D        | Killed a blue devil
  1097 | D        | Killed a shadow
  1116 | D        | Entered arena 17.
  1116 | D        | Noticed a vampire mage
  1116 | D        | Noticed a vampire knight
  1119 | D        | Noticed a lich
  1119 | D        | Noticed a vampire knight
  1119 | D        | Noticed a necromancer
  1119 | D        | Noticed a necromancer
  1120 | D        | Noticed a Brimstone Fiend
  1120 | D        | Noticed a wight
  1120 | D        | Noticed a vampire knight
  1121 | D        | Noticed a shadow
  1121 | D        | Noticed a ghoul
  1121 | D        | Noticed an ancient lich
  1121 | D        | Noticed a shadow
  1121 | D        | Noticed a shadow
  1122 | D        | Noticed a wight
  1122 | D        | Noticed a skeletal warrior
  1123 | D        | Identified a +7 rod of demonology (11/14)
  1124 | D        | Noticed a Hell Sentinel
  1124 | D        | Noticed a blizzard demon
  1124 | D        | Killed a vampire mage
  1124 | D        | Killed a necromancer
  1124 | D        | Killed a vampire knight
  1124 | D        | Reached skill level 12 in Axes
  1124 | D        | Reached skill level 18 in Evocations
  1124 | D        | Killed a wight
  1125 | D        | Killed a vampire knight
  1125 | D        | Reached skill level 14 in Shields
  1125 | D        | Killed a shadow
  1125 | D        | Killed a necromancer
  1125 | D        | Killed a wight
  1128 | D        | HP: 34/157 [Brimstone Fiend/torment[a lich] (24)]
  1129 | D        | Killed a shadow
  1129 | D        | Killed a lich
  1129 | D        | Reached skill level 23 in Fighting
  1129 | D        | Reached skill level 13 in Armour
  1129 | D        | Killed a shadow
  1133 | D        | HP: 32/157 [Brimstone Fiend/torment[a lich] (22)]
  1134 | D        | HP: 15/157 [Hell Sentinel[a lich] (7)]
  1134 | D        | HP: 3/157 [Brimstone Fiend[a lich] (12)]
  1135 | D        | Demolished by a Hell Sentinel

Vanquished Creatures
  2 bone dragons (D)
  A Hell Sentinel (D)
  A lich (D)
  An emperor scorpion (D)
  2 vampire knights (D)
  2 dragons (D)
  A vampire mage (D)
  A wretched star (D)
  A hell hog (D)
  A soul eater (D)
  A skeletal warrior (D)
  3 naga warriors (D)
  2 large abominations (D)
  An ice devil (D)
  A flaming corpse (D)
  2 sixfirhies (D)
  2 necromancers (D)
  2 red wasps (D)
  3 wolf spiders (D)
  A cyclops (D)
  3 orange demons (D)
  A spiny frog (D)
  A komodo dragon (D)
  3 hellwings (D)
  A demonic crawler (D)
  An ugly thing (D)
  An efreet (D)
  A smoke demon (D)
  2 human zombies (D)
  An ancient zyme (D)
  3 blue devils (D)
  A deep dwarf artificer (D)
  A fire vortex (D)
  A deep dwarf scion (D)
  3 flying skulls (D)
  A grizzly bear (shapeshifter) (D)
  4 shadows (D)
  A chaos spawn (D)
  A jumping spider (D)
  4 merfolk (D)
  2 tarantellas (D)
  A redback (D)
  A golden eye (shapeshifter) (D)
  2 fire drakes (D)
  4 ynoxinuls (D)
  2 hippogriffs (D)
  3 neqoxecs (D)
  A war dog (D)
  A small abomination (D)
  4 hell hounds (D)
  2 deep dwarves (D)
  A black bear (shapeshifter) (D)
  A freezing wraith (D)
  2 centaurs (D)
  3 nagas (D)
  A water moccasin (D)
  3 rotting devils (D)
  A giant frog (shapeshifter) (D)
  3 wights (D)
  3 iron imps (D)
  A crimson imp (D)
  3 quasits (D)
  4 scorpions (D)
  3 iguanas (D)
  2 porcupines (D)
  2 sheep (D)
  A worm zombie (D)
  4 adders (D)
  2 green rats (D)
  A lemure (D)
  A giant centipede (D)
  A giant mite (D)
  2 shadow imps (D)
  5 white imps (D)
  21 ufetubi (D)
  A bat zombie (D)
  A bat (D)
  2 jackals (D)
  7 ball pythons (D)
  A giant cockroach zombie (D)
  A giant newt skeleton (D)
  A giant newt zombie (D)
  2 hobgoblin skeletons (D)
  A hobgoblin zombie (D)
  A rat simulacrum (D)
178 creatures vanquished.

Vanquished Creatures (others)
  A spatial maelstrom (D)
  A red devil (D)
  A ynoxinul (D)
  A chaos spawn (D)
4 creatures vanquished.

Grand Total: 182 creatures vanquished
